 Dungeon Crawl Stone Soup version 0.32-a0-900-g30fb1b0edc (webtiles) character file.

Game seed: 3249426382789112000

7 PriceMaster the Sneak (level 1, 0/9 HPs)
             Began as a Spriggan Earth Elementalist on Apr 5, 2024.
             Frozen to death by an endoplasm (5 damage)
             ... on level 1 of the Dungeon.
             The game lasted 00:00:10 (87 turns).

PriceMaster the Sneak (Spriggan Earth Elementalist)   Turns: 87, Time: 00:00:11

Health: 0/9        AC:  2    Str:  4    XL:     1   Next: 83%
Magic:  0/5        EV: 16    Int: 16    God:
Gold:   8          SH:  0    Dex: 15    Spells: 5/6 levels left

rFire   . . .        c - +0 dagger (holy)
rCold   . . .        (no shield)
rNeg    . . .        a - +0 robe
rPois   .            (helmet restricted)
rElec   .            (no cloak)
rCorr   .            (gloves unavailable)
SInv    +            (boots unavailable)
Will    .....        (no amulet)
Stlth   ++           (no ring)
HPRegen 0.21/turn    (no ring)
MPRegen 0.09/turn

%: no passive effects
@: very slightly contaminated, very quick
A: very small, no large weapons, unfitting armour, see invisible, speed 3
a: no special abilities


You were on level 1 of the Dungeon.
You visited 1 branch of the dungeon, and saw 1 of its levels.

You collected 8 gold pieces.

Inventory:

Hand Weapons
 c - a +0 dagger of holy wrath (weapon)
Armour
 a - a +0 robe (worn)
Scrolls
 d - a scroll of blinking {unknown}
Potions
 b - a potion of magic


   Skills:
 + Level 2.9 Dodging
 + Level 3.0 Stealth
 + Level 3.0 Spellcasting
 + Level 0.6 Conjurations
 + Level 2.9 Earth Magic


You had 5 spell levels left.
You knew the following spells:

 Your Spells              Type           Power      Damage    Failure   Level
a - Sandblast             Erth           22%        2d7       5%          1

Your spell library contained the following spells:

 Spells                   Type           Power      Damage    Failure   Level
 Kiss of Death            Conj/Necr      12%        2d6       17%         1
 Passwall                 Erth           11%        N/A       17%         3
 Stone Arrow              Conj/Erth      16%        3d8       26%         3
 Confusing Touch          Hex            2%         N/A       50%         3
 Brom's Barrelling Bould  Conj/Erth      8%         2d3       65%         4
 Petrify                  Alch/Erth      7%         N/A       71%         4
 Dispel Undead            Necr           2%         3d7       88%         4


Dungeon Overview and Level Annotations

Branches:
Dungeon (1/15)

Altars:


Innate Abilities, Weirdness & Mutations

You are very small and have problems with some larger weapons.
You are too small for most types of armour.
You have supernaturally acute eyesight. (SInv)
You cover ground extremely quickly. (Speed+++)


Message History

You open the door.
There is an open door here.
A jackal comes into view.
The jackal barks!
A jackal comes into view.
There are monsters nearby!
There are monsters nearby!
The jackal barks!
A jackal comes into view.
The blast of sand hits the jackal.
You kill the jackal!
A jackal comes into view.
The jackal moves out of view.
The blast of sand hits the jackal!
You kill the jackal!
An endoplasm comes into view.
You closely miss the jackal. The jackal bites you.
You barely miss the jackal. The jackal bites you. x2
The jackal barks!
The endoplasm quivers.
You hit the jackal.
The jackal is lightly wounded.
The jackal closely misses you.
You miscast Sandblast.
You are very lightly contaminated with residual magic.
Nothing appears to happen.
The jackal closely misses you.
The blast of sand hits the jackal.
The jackal is severely wounded.
The jackal closely misses you. x2
The jackal bites you but does no damage.
The blast of sand hits the jackal.
You kill the jackal!
The jackal closely misses you. The jackal bites you.
Your Spellcasting skill increases to level 3!
The blast of sand hits the jackal!
You kill the jackal!
The endoplasm freezes you.
You are frozen.
Ouch! That really hurt!
You die...

#.# #.####### #.#
#.......# ## #.#
#.......#
#.###.####.......#
#........'.......##
#.###.####......... . #.
##.####.........
....##.##...............
....†.J@................
.#..##.#..♣♣♣♣♣.♣.......
♣♣~♣♣PP~ ♣~~♣.♣♣...


PP♣ ~~~~~P~~♣♣♣♣♣. ~~~ ≈≈~~≈~P~ ~P♣♣. ~~~P ≈≈≈≈~≈♣~ ~~~♣♣ ~P~~ ≈≈≈≈≈≈≈~~~~~~~
♣~~ ≈≈≈≈≈≈≈≈~~~~~~ ≈≈≈≈≈≈P~~~~~~ You could see an endoplasm.

Vanquished Creatures
  An endoplasm (D:1)
  A goblin (D:1)
  4 jackals (D:1)
6 creatures vanquished.

Notes
Turn   | Place    | Note
-------+----------+-------------------------------------------
     0 | D:1      | PriceMaster the Spriggan Earth Elementalist began the quest
                  | for the Orb.
     0 | D:1      | Reached XP level 1. HP: 9/9 MP: 5/5
    87 | D:1      | Frozen to death by an endoplasm

Illustrated notes

Levels and vault maps discovered:
D:1:      giann_forest_graveyard, layout_basic, serial_bayou,
          serial_bayou_lake_a, serial_bayou_lagoon_a, serial_bayou_pond_c,
          serial_bayou_ford_a, serial_bayou_pond_b

Skill      XL: |  1 |
---------------+----+-----
Spellcasting   | 3 |  3.0
Dodging        | |  2.9
Stealth        | |  3.0
Conjurations   | |  0.6
Earth Magic    | |  2.9

Action                     || total
---------------------------++-------
  Melee: Dagger            ||     3
   Cast: Sandblast         ||     7
 Armour: Robe              ||     5
  Dodge: Dodged            ||     5

Table legend: (Time is in decaauts)
 A = Elapsed time spent in this place.
 B = Non-inter-level travel time spent in this place.
 C = Inter-level travel time spent in this place.
 D = Time resting spent in this place.
 E = Time spent auto-exploring this place.
 F = Levels seen in this place.
 G = Mean time per level.
                   A        B        C        D        E       F      G
               +--------+--------+--------+--------+--------+-----+--------+
         Total |     68 |     68 |      0 |      0 |     42 |   1 |   68.0 |
       Dungeon |     68 |     68 |      0 |      0 |     42 |   1 |   68.0 |
               +--------+--------+--------+--------+--------+-----+--------+

Top non-repeatable levels by time:
     D:1: 68 daAuts
